 Dungeon Crawl Stone Soup version 0.31-a0-466-g98c9adc2b6 (webtiles) character file.

Game seed: 13508971566263733244

27 HallandMoats the Trooper (level 2, -1/2 HPs)
             Began as a Demonspawn Monk on Aug 6, 2023.
             Was an Initiate of Yredelemnul.
             Frozen to death by an endoplasm (3 damage)
             ... on level 2 of the Dungeon.
             The game lasted 00:01:28 (851 turns).

HallandMoats the Trooper (Demonspawn Monk)           Turns: 851, Time: 00:01:29

Health: -1/2       AC: 19    Str: 11    XL:     2   Next: 93%
Magic:  3/3        EV: 32    Int: 11    God:    Yredelemnul [......]
Gold:   92         SH:  0    Dex: 15    Spells: 1/1 levels left

rFire   . . .        a - melded +0 hand axe
rCold   . . .        d - melded orb {light}
rNeg    . . .        b - melded +0 robe
rPois   ∞            (helmet currently unavailable)
rElec   +            (cloak currently unavailable)
rCorr   .            (gloves currently unavailable)
SInv    .            (boots currently unavailable)
Will    .....        (no amulet)
Stlth   +            e - +4 ring of protection
HPRegen 1.20/turn    (no ring)
MPRegen 0.08/turn

%: no passive effects
@: storm-form, flying
A: cleaving, insubstantial, flying, reduced hp, powered by death 1
a: Blinkbolt, Begin Untransformation, Renounce Religion, Recall Undead Harvest


You were on level 2 of the Dungeon.
You worshipped Yredelemnul.
Yredelemnul was noncommittal.
You were a lightning-filled tempest!
You visited 1 branch of the dungeon, and saw 2 of its levels.

You collected 92 gold pieces.

Inventory:

Hand Weapons
 a - a +0 hand axe (melded)
Armour
 b - a +0 robe (melded)
 d - an orb of light (melded)
Jewellery
 e - a +4 ring of protection (left fist)
Talismans
 i - a storm talisman (active)
Scrolls
 g - a scroll of fear {unknown}
 h - 2 scrolls of identify {unknown}
 j - a scroll of brand weapon {unknown}
 l - 3 scrolls of revelation {unknown}
Potions
 c - a potion of ambrosia
 f - 2 potions of lignification {unknown}
 k - a potion of enlightenment {unknown}


   Skills:
 + Level 3.3 Fighting
 + Level 3.0 Axes
 - Level 2.6 Dodging
 * Level 2.4 Invocations


You had one spell level left.
You didn't know any spells.
Your spell library contained the following spells:

 Spells                   Type           Power      Damage    Failure   Level
 Sandblast                Erth           0%         2d4       34%         1
 Sting                    Tmut/Pois      0%         1d3       34%         1
 Passwall                 Tmut/Erth      0%         N/A       47%         2
 Stone Arrow              Conj/Erth      0%         3d7       71%         3


Dungeon Overview and Level Annotations

Branches:
Dungeon (2/15)

Altars:
Yredelemnul


Innate Abilities, Weirdness & Mutations

You are a lightning-filled tempest!
Your electrical attacks strike out in all directions at once.
You are incredibly evasive.
Your insubstantial body is immune to petrification, constriction, and being set on fire You are flying.
Your maximum health is decreased, since you lack skill for your form.
Your armour is entirely melded.
You are incapable of wielding weapons or throwing items.
You are immune to poison.
You regenerate a little health from kills.


Message History

Your +0 robe melds into your body.
Unknown command.
You now have 92 gold pieces (gained 15).
j - a scroll labelled CUEJAR NIOPTUM You swap places.
k - an emerald potion
l - 3 scrolls labelled XANOCZ OLUCSE A quokka and a goblin come into view.
There are monsters nearby!
There are monsters nearby!
Found a scroll labelled ZOEHOFR ANAE.
An endoplasm comes into view.
Found a scroll labelled UHAIDW MUUW.
The endoplasm quivers.
You closely miss the quokka.
The goblin shouts!
The quokka completely misses you.
Your quokka zombie closely misses the quokka.
The quokka completely misses you.
You barely miss the quokka.
Your quokka zombie closely misses the quokka.
The quokka bites you but does no damage.
You buffet the quokka!
You kill the quokka!
You swap places.
Your quokka zombie bites the endoplasm.
The goblin hits you with a +0 club.
Ouch! That really hurt!
The endoplasm completely misses you.
Unknown command.
You barely miss the endoplasm.
The endoplasm is lightly wounded.
You buffet the goblin!
You kill the goblin!
The dead are walking!
Your quokka zombie barely misses the endoplasm.
The endoplasm freezes you.
You are frozen.
Ouch! That really hurt!
You die...
Your body rises from the dead as a mindless zombie.

#.......# #...)...#
########## #.......#
#........# #.......#
#........#
..#.>.....###........#
.....................#
...........###.......?#
............##..?......
.......###..##ZvJ......
........##...#.Z)......
..............Z..#####.
.................#
.)................#
....<....#....##.....
..............# .#.#?.
...#....#.....##.### #
#. ####..........###


You could see an endoplasm (ally target), a friendly quokka zombie and 2
friendly goblin zombies.

Vanquished Creatures
  2 dart slugs (D:1)
  2 endoplasms
  A giant cockroach (D:1)
  2 goblins (D:2)
  A hobgoblin (D:2)
  2 quokkas (D:2)
  2 frilled lizards
  2 kobolds (D:1)
  2 rats (D:1)
16 creatures vanquished.

Vanquished Creatures (collateral kills)
  A giant cockroach (D:2)
  A goblin (D:1)
  2 hobgoblins (D:1)
  A quokka (D:2)
5 creatures vanquished.

Grand Total: 21 creatures vanquished

Notes
Turn   | Place    | Note
-------+----------+-------------------------------------------
     0 | D:1      | HallandMoats the Demonspawn Monk began the quest for the
                  | Orb.
     0 | D:1      | Reached XP level 1. HP: 18/18 MP: 1/1
    54 | D:1      | Reached skill level 1 in Invocations
   132 | D:1      | Found a faded altar of an unknown god.
   140 | D:1      | Got Plato's Quarto of Contaminants
   165 | D:1      | Prayed at the altar of an unknown god.
   165 | D:1      | Became a worshipper of Yredelemnul the Dark
   165 | D:1      | Reached * piety under Yredelemnul
   165 | D:1      | Reached ** piety under Yredelemnul
   268 | D:1      | Gained mutation: You regenerate a little health from kills.
                  | [demonic ancestry]
   268 | D:1      | Reached XP level 2. HP: 20/24 MP: 3/3
   851 | D:2      | Frozen to death by an endoplasm

Illustrated notes

Levels and vault maps discovered:
D:1:      scummos_arrival_forest, layout_basic,
          shapermc_ecumenical_altar_rom_forum
D:2:      minmay_diamond_boxcup, layout_rooms

Skill      XL: |  1  2 |
---------------+-------+-----
Invocations    | 1 2 |  2.4
Axes           | 3 |  3.0
Fighting       | |  3.3
Dodging        | |  2.6

Action                     || total
---------------------------++-------
  Melee: Hand axe          ||    51
         Unarmed           ||     4
 Armour: Robe              ||     7
         Skin              ||     1
  Dodge: Dodged            ||    35
   Form: Storm             ||     1

Table legend: (Time is in decaauts)
 A = Elapsed time spent in this place.
 B = Non-inter-level travel time spent in this place.
 C = Inter-level travel time spent in this place.
 D = Time resting spent in this place.
 E = Time spent auto-exploring this place.
 F = Levels seen in this place.
 G = Mean time per level.
                   A        B        C        D        E       F      G
               +--------+--------+--------+--------+--------+-----+--------+
         Total |    858 |    834 |     24 |      0 |    662 |   2 |  429.0 |
       Dungeon |    858 |    834 |     24 |      0 |    662 |   2 |  429.0 |
               +--------+--------+--------+--------+--------+-----+--------+

Top non-repeatable levels by time:
     D:1: 755 daAuts
     D:2: 103 daAuts
